 Dungeon Crawl Stone Soup version 0.29.1-1-gd02db6906a (webtiles) character file.

Game seed: 15109591733939510623

3352 Sabo the Conjurer (level 10, -1/53 HPs)
             Began as an Octopode Air Elementalist on Oct 6, 2022.
             Was an Elder of Hepliaklqana.
             Asphyxiated
             ... on level 7 of the Dungeon on Oct 7, 2022.
             The game lasted 01:14:40 (10204 turns).

Sabo the Conjurer (Octopode Air Elementalist)      Turns: 10204, Time: 01:14:42

Health: -1/53      AC:  1    Str:  9    XL:     10   Next: 3%
Magic:  14/21      EV: 13    Int: 21    God:    Hepliaklqana [****..]
Gold:   377        SH:  0    Dex: 12    Spells: 18/23 levels left

rFire   + . .      SeeInvis .   p - +1 quarterstaff (speed)
rCold   . . .      Faith    .   (shield currently unavailable)
rNeg    . . .      Spirit   .   (helmet restricted)
rPois   .          Reflect  .   v - amulet of regeneration
rElec   .          Harm     .   x - ring of protection from fire
rCorr   .          Rampage  .   (no ring)
Will    .....                   (no ring)
Stlth   ++++......              (no ring)
HPRegen 0.97/turn               (no ring)
MPRegen 0.17/turn               (no ring)
                                (no ring)
                                (no ring)

@: lethally poisoned (-1 -> -37), slowed, very slow
A: reduced essence, almost no armour, amphibious, 8 rings, camouflage 1,
gelatinous body 1, (nimble swimmer 1), tentacles
a: Renounce Religion, Recall Ancestor, Ancestor Identity, Transference, Idealise


You were on level 7 of the Dungeon.
You worshipped Hepliaklqana.
Hepliaklqana was greatly pleased with you.
You visited 1 branch of the dungeon, and saw 7 of its levels.

You collected 377 gold pieces.

Inventory:

Hand Weapons
 d - a +3 sling
 g - a +1 whip of flaming
 p - a +1 quarterstaff of speed (weapon)
 A - a +0 dagger of holy wrath
 C - a +0 broad axe
Missiles
 c - 3 atropa-tipped darts
 k - a throwing net
 u - 3 boomerangs
 y - 5 javelins (quivered)
Jewellery
 v - an amulet of regeneration (around mantle)
 x - a ring of protection from fire (left tentacle)
Wands
 n - a wand of roots (3)
 q - a wand of flame (21)
Scrolls
 e - a scroll of enchant armour
 f - 2 scrolls of butterflies
 h - 2 scrolls of teleportation
 j - a scroll of magic mapping
 l - 2 scrolls of blinking
 m - 2 scrolls of fear
 t - a scroll of torment {unknown}
 z - a scroll of noise {unknown}
Potions
 a - a potion of lignification {unknown}
 b - 5 potions of curing
 i - 4 potions of heal wounds {unknown}
 r - 2 potions of cancellation {unknown}
 s - a potion of might {unknown}
 w - a potion of degeneration {unknown}
 B - a potion of flight {unknown}


   Skills:
 + Level 1.6 Fighting
 + Level 1.3(1.9) Polearms
 + Level 1.9(2.2) Staves
 + Level 1.6 Ranged Weapons
 + Level 2.9 Dodging
 + Level 4.3 Stealth
 + Level 7.3 Spellcasting
 + Level 7.8 Conjurations
 + Level 7.3 Air Magic


You had 18 spell levels left.
You knew the following spells:

 Your Spells              Type           Power      Damage    Failure   Level
a - Shock                 Conj/Air       100%       1d9       1%          1
b - Summon Ice Beast      Ice/Summ       7%         N/A       63%         4

Your spell library contained the following spells:

 Spells                   Type           Power      Damage    Failure   Level
 Static Discharge         Conj/Air       39%        3-8/arc   1%          2
 Swiftness                Air            38%        N/A       1%          3
 Airstrike                Air            19%        2d(3-19)  4%          4
 Apportation              Tloc           14%        N/A       9%          1
 Frozen Ramparts          Ice            14%        1d3       26%         3
 Ice Form                 Ice/Tmut       7%         N/A       63%         4
 Alistair's Intoxication  Tmut/Pois      4%         N/A       93%         5
 Summon Forest            Summ/Tloc      3%         N/A       93%         5
 Eringya's Noxious Bog    Tmut/Pois      3%         N/A       100%        6
 Summon Hydra             Summ           3%         N/A       100%        7


Dungeon Overview and Level Annotations

Branches:
Dungeon (7/15)             Temple (0/1) D:7

Altars:
Cheibriados
Dithmenos
Elyvilon
Hepliaklqana
Kikubaaqudgha
Nemelex Xobeh
Okawaru
Ru
Sif Muna
Trog
Vehumet
Wu Jian
Zin

Shops:
D:2 !

Annotations:
D:7 Dowan, Duvessa


Innate Abilities, Weirdness & Mutations

Your life essence is reduced to manifest your ancestor. (-10% HP)
You cannot wear most types of armour.
You are amphibious.
You can wear up to eight rings at the same time.
Your skin changes colour to match your surroundings (Stealth+).
Your rubbery body absorbs attacks. (AC +1, EV +1)
((You are camouflaged when in or above water. (Stealth+)))
You have tentacles for arms and can constrict up to eight enemies at once.


Message History

The curare-tipped dart hits you.
You are poisoned.
You have difficulty breathing.
You feel yourself slow down.
Casting: Shock (safe; 1% risk of failure)
Confirm with . or Enter, or press ? or * to list all spells.
Aiming: Shock (safe; 1% risk of failure)
Press: ? - help, Shift-Dir - straight line The zap hits the kobold brigand.
The kobold brigand is almost dead.
You feel very sick.
The kobold brigand throws a curare-tipped dart.
The curare-tipped dart hits you.
You are more poisoned.
You have difficulty breathing.
You feel as though you will be slow longer.
The kobold brigand throws a curare-tipped dart.
The curare-tipped dart hits you.
You are more poisoned.
You have difficulty breathing.
You feel as though you will be slow longer.
Casting: Shock (safe; 1% risk of failure)
Confirm with . or Enter, or press ? or * to list all spells.
Aiming: Shock (safe; 1% risk of failure)
Press: ? - help, Shift-Dir - straight line The zap hits the kobold brigand.
The kobold brigand is almost dead.
You feel extremely sick.
The kobold brigand throws a curare-tipped dart.
The curare-tipped dart hits you.
You are lethally poisoned!
You have difficulty breathing.
* * * LOW HITPOINT WARNING * * *
You feel as though you will be slow longer.
* * * LOW HITPOINT WARNING * * *
You feel extremely sick.
The kobold brigand throws a curare-tipped dart.
The curare-tipped dart hits you.
You are more poisoned.
You have difficulty breathing.
You die...

########.. #.........
#.######## #.# #.#
######.# # #....#.# ##
#######.88.#.# ##.
#.K.@##.88.#.## #..
#.$####R#....'..####...
#.#'####.....+...
#.#..##...####...
##.#.)##..## ##.. #
#.####.#### ##.
#..###.# #.# ## #[W#.#
#.# # #)!#.####.#


You could see the friendly Friðuswiþ the knight and a kobold brigand (ally
target).

Vanquished Creatures
  Maggie (D:7)
  Menkaure (D:7)
  2 water moccasins
  An ice beast (D:7)
  2 orc warriors
  2 ogres
  A lemure (D:5)
  A scorpion (D:6)
  A bullfrog (D:7)
  3 killer bees (D:6)
  A howler monkey (D:6)
  A hound (D:6)
  4 orc priests
  A jelly (D:4)
  An iguana (D:7)
  2 orc wizards
  2 gnolls
  9 adders
  8 river rats (D:5)
  3 shadow imps
  3 white imps (D:7)
  An ufetubus (D:5)
  A worm (D:5)
  18 orcs
  6 ball pythons
  9 endoplasms
  2 giant cockroaches
  6 goblins
  8 hobgoblins
  2 kobolds
  9 quokkas
  A ball python skeleton (D:3)
  2 bats
  3 frilled lizards
  A quokka skeleton (D:3)
  20 rats
139 creatures vanquished.

Vanquished Creatures (collateral kills)
  Pikel (D:5)
  A water moccasin (D:6)
  An orc warrior (D:6)
  2 black bears
  A bullfrog (D:7)
  A necrophage (D:7)
  A scorpion (D:4)
  A killer bee (D:6)
  A howler monkey (D:6)
  2 jellies
  4 hounds
  2 iguanas
  A hound zombie (D:3)
  4 gnolls
  2 river rats (D:5)
  2 adders
  3 orcs
  2 goblins (D:3)
  A hobgoblin (D:4)
  A kobold (D:2)
  A ball python (D:4)
35 creatures vanquished.

Vanquished Creatures (others)
  A knight (D:7)
  An ancestor (D:2)
  2 plants (D:2)
4 creatures vanquished.

Grand Total: 178 creatures vanquished

Notes
Turn   | Place    | Note
-------+----------+-------------------------------------------
     0 | D:1      | Sabo the Octopode Air Elementalist began the quest for the
                  | Orb.
     0 | D:1      | Reached XP level 1. HP: 11/11 MP: 3/3
   445 | D:1      | Reached XP level 2. HP: 17/17 MP: 0/5
  1357 | D:1      | Found a faded altar of an unknown god.
  1364 | D:1      | Prayed at the altar of an unknown god.
  1364 | D:1      | Became a worshipper of Hepliaklqana the Forgotten
  1364 | D:1      | Reached * piety under Hepliaklqana
  1537 | D:2      | Reached skill level 1 in Ranged Weapons
  1537 | D:2      | Reached XP level 3. HP: 14/18 MP: 1/6
  1780 | D:2      | Found Ehoreuka's Distillery.
  1838 | D:2      | Reached XP level 4. HP: 24/24 MP: 0/7
  2969 | D:3      | Reached XP level 5. HP: 23/28 MP: 4/8
  3101 | D:3      | Reached ** piety under Hepliaklqana
  3102 | D:3      | Remembered your ancestor Friðuswiþ as a knight
  3550 | D:3      | Found a shadowy altar of Dithmenos.
  3551 | D:3      | Found a glowing silver altar of Zin.
  3551 | D:3      | Found a snail-covered altar of Cheibriados.
  3551 | D:3      | Found an ancient bone altar of Kikubaaqudgha.
  3580 | D:3      | Found an iron altar of Okawaru.
  3581 | D:3      | Found a radiant altar of Vehumet.
  3824 | D:3      | Found a shimmering blue altar of Sif Muna.
  3849 | D:3      | Found a sparkling altar of Nemelex Xobeh.
  4089 | D:4      | Noticed an ogre
  4093 | D:4      | Killed an ogre
  4094 | D:4      | Reached XP level 6. HP: 28/33 MP: 8/10
  4223 | D:4      | Found a bloodstained altar of Trog.
  4336 | D:4      | Reached skill level 1 in Polearms
  4649 | D:4      | Found a white marble altar of Elyvilon.
  5432 | D:4      | Reached *** piety under Hepliaklqana
  5480 | D:5      | Entered Level 5 of the Dungeon
  5495 | D:5      | Reached XP level 7. HP: 34/37 MP: 2/12
  6309 | D:5      | Noticed Pikel
  6318 | D:5      | Killed Pikel
  6319 | D:5      | Reached skill level 1 in Fighting
  6319 | D:5      | Reached skill level 1 in Staves
  6319 | D:5      | Reached skill level 5 in Air Magic
  6319 | D:5      | Reached XP level 8. HP: 43/43 MP: 5/15
  6969 | D:5      | Reached skill level 5 in Spellcasting
  8122 | D:6      | Reached skill level 5 in Conjurations
  8211 | D:6      | Reached XP level 9. HP: 33/47 MP: 9/17
  8915 | D:6      | Learned a level 4 spell: Summon Ice Beast
  8917 | D:7      | Noticed Duvessa
  8917 | D:7      | Noticed Dowan
  8985 | D:7      | Reached **** piety under Hepliaklqana
  9107 | D:7      | Found an ornate altar of the Wu Jian Council.
  9131 | D:7      | Found a staircase to the Ecumenical Temple.
  9608 | D:7      | Found a sacrificial altar of Ru.
  9611 | D:7      | Noticed Menkaure
  9618 | D:7      | Killed Menkaure
  9688 | D:7      | Noticed Maggie
  9697 | D:7      | Killed Maggie
 10013 | D:7      | Reached XP level 10. HP: 53/53 MP: 11/21
 10087 | D:7      | Identified the +1 robe "Vauliec" {rF+ Stlth+}
 10204 | D:7      | HP: 1/53 [poisoned by a kobold brigand (curare-tipped
                  | dart)]
 10204 | D:7      | Asphyxiated

Illustrated notes

Levels and vault maps discovered:
D:1:      wander_arrival_chamber, layout_basic,
          hellmonk_ecumenical_altar_run_dry, minmay_tiny_reverse_x
D:2:      layout_rooms, serial_shops, nicolae_shop_statue_plus,
          serial_bayou_crossing
D:3:      layout_rooms, minitemple, mainiacjoe_overflow_catwalk_spiral,
          serial_undead, serial_undead_c, serial_undead_a, serial_undead_d,
          serial_undead_a, kennysheep_generic_room_3
D:4:      layout_loops_cross, mainiacjoe_overflow_catwalk,
          mainiacjoe_overflow_boulevard
D:5:      lemuel_ratsnest, layout_basic, uniq_pikel
D:6:      layout_rooms
D:7:      minmay_chambers_of_fours, layout_loops_corners, kennysheep_mini_moat,
          mainiacjoe_overflow_small_starburst,
          minmay_temple_entry_statues_fountains, uniq_menkaure, uniq_duvessa,
          uniq_maggie

Skill      XL: |  1  2  3  4  5  6  7  8  9 |
---------------+----------------------------+-----
Ranged Weapons | 1 |  1.6
Stealth        | 3 4 |  4.3
Conjurations   | 2 3 4 5 7 |  7.8
Air Magic      | 4 5 6 7 |  7.3
Spellcasting   | 3 4 5 7 |  7.3
Polearms       | 1 |  1.3
Fighting       | 1 |  1.6
Staves         | 1 |  1.9
Dodging        | |  2.9

Action                   |  1- 3 |  4- 6 |  7- 9 | 10-12 || total
-------------------------+-------+-------+-------+-------++-------
Melee: Trident           |     2 |    16 |       |       ||    18
       Constrict         |     1 |     5 |     7 |     1 ||    14
       Tentacles         |     1 |     1 |     7 |     2 ||    11
       Quarterstaff      |       |     7 |    23 |     4 ||    34
       Punch             |       |     1 |     1 |       ||     2
 Fire: Sling             |    15 |       |       |       ||    15
 Cast: Shock             |    52 |   106 |   225 |    15 ||   398
Invok: Ancestor Life: Kn |       |     1 |       |       ||     1
  Use: Scroll            |     1 |     6 |     3 |       ||    10
       Potion            |     1 |     1 |       |       ||     2
 Stab: Sleeping          |       |     1 |       |       ||     1
Armor: Skin              |       |     3 |       |       ||     3
Dodge: Dodged            |    13 |    23 |     8 |     2 ||    46
